 Dungeon Crawl Stone Soup version 0.27.1-33-g824d729ab1 (webtiles) character file.

Game seed: 5818509339125326983

442 lonewolfV2 the Shield-Bearer (level 6, -5/48 HPs)
             Began as a Demonspawn Fighter on Dec 14, 2021.
             Was an Initiate of Yredelemnul.
             Slain by a black bear (6 damage)
             ... on level 5 of the Dungeon.
             The game lasted 00:13:57 (4645 turns).

lonewolfV2 the Shield-Bearer (Demonspawn Fighter)   Turns: 4645, Time: 00:13:58

Health: -5/48      AC:  6    Str: 16    XL:     6   Next: 71%
Magic:  6/6        EV:  8    Int: 12    God:    Yredelemnul [......]
Gold:   122        SH: 14    Dex: 12    Spells: 1/5 levels left

rFire    . . .     SeeInvis .   a - +0 war axe
rCold    . . .     Faith    .   c - +0 kite shield
rNeg     . . .     Spirit   .   p - +1 ring mail "Foses" {rPois Str-2 Int+2 Stlth+}
rPois    +         Reflect  +   (no helmet)
rElec    .         Harm     .   (no cloak)
rCorr    .         Rampage  .   (no gloves)
Will     .....                  (no boots)
Stlth    ++........             e - amulet of reflection
HPRegen  0.16/turn              (no ring)
MPRegen  0.10/turn              (no ring)

@: mighty
A: foul stench 1
a: Renounce Religion


You were on level 5 of the Dungeon.
You worshipped Yredelemnul.
Yredelemnul was noncommittal.
You visited 1 branch of the dungeon, and saw 5 of its levels.

You collected 376 gold pieces.
You spent 254 gold pieces at shops.

Inventory:

Hand Weapons
 a - a +0 war axe (weapon)
Missiles
 n - 2 throwing nets
Armour
 b - a +0 scale mail
 c - a +0 kite shield (worn)
 i - a +4 scale mail
 p - the +1 ring mail "Foses" (worn) {rPois Str-2 Int+2 Stlth+}
   (You found it on level 5 of the Dungeon)

   Str:       It affects your strength (-2).
   Int:       It affects your intelligence (+2).
   rPois:     It protects you from poison.
   Stlth:     It makes you more stealthy.
Jewellery
 e - an amulet of reflection (around neck)
 k - an amulet of faith
Wands
 h - a wand of mindburst (18) (quivered)
Potions
 j - a potion of degeneration
 l - a potion of haste
 m - a potion of cancellation
 o - 2 potions of flight


   Skills:
 + Level 3.9 Fighting
 + Level 3.8 Axes
 + Level 3.9 Armour
 + Level 1.6 Dodging
 + Level 0.1 Stealth
 + Level 4.2 Shields


You had one spell level left.
You knew the following spells:

 Your Spells              Type           Power      Damage    Failure   Level
a - Vampiric Draining     Necr           0%         2d6       100%        3
b - Shock                 Conj/Air       0%         1d3       94%         1

Your spell library contained the following spells:

 Spells                   Type           Power      Damage    Failure   Level
 Animate Skeleton         Necr           0%         N/A       94%         1
 Pain                     Necr           0%         1d4       94%         1
 Swiftness                Air            0%         N/A       100%        3
 Airstrike                Air            0%         N/A       100%        4


Dungeon Overview and Level Annotations

Branches:
Dungeon (5/15)
 Temple: D:4-7

Altars:
Cheibriados
Yredelemnul

Shops:
D:4 :?=:


Innate Abilities, Weirdness & Mutations

You may rarely emit foul miasma when damaged in melee.


Message History

The phantom is moderately damaged.
You slash the kobold brigand! The kobold brigand closely misses you.
You block the phantom's attack. You block the kobold's attack.
An adder zombie comes into view.
You slash the phantom!
The phantom is severely damaged.
You barely miss the kobold brigand. You slash the black bear!
You closely miss the kobold.
The black bear bites you but does no damage.
The black bear claws you but does no damage.
You block the black bear's attack. The phantom hits you.
* * * LOW HITPOINT WARNING * * *
The phantom blinks!
You blink.
An orc comes into view. It is wielding a +0 mace.
The kobold brigand throws a curare-tipped dart.
You reflect the curare-tipped dart off an invisible shield around you!
The curare-tipped dart barely misses the phantom.
The curare-tipped dart closely misses the kobold.
The curare-tipped dart barely misses the kobold brigand.
The phantom barely misses you.
Your magical contamination has completely faded away.
You slash the adder zombie!
The adder zombie is severely damaged.
You hit the phantom. You block the adder zombie's attack.
The kobold throws a stone.
The stone hits you but does no damage.
The adder zombie bites you but does no damage.
The phantom hits you but does no damage.
You miss the phantom.
The phantom is almost destroyed.
You barely miss the orc. You barely miss the adder zombie.
You hit the black bear. You block the black bear's attack.
The black bear claws you but does no damage.
The black bear claws you.
* * * LOW HITPOINT WARNING * * *
The adder zombie closely misses you. You block the phantom's attack.
The orc hits you with a +0 mace.
* * * LOW HITPOINT WARNING * * *
The black bear bites you.
You die...
Your body rises from the dead as a mindless zombie.

##..................
#...................
#.
#..................#
#.
#.................
#..
#...............#
#..
###†....K.Z..####
##... ##..#####.K..#
#....##..## #KWh.#
#......[## #.@..#
.......## #oZ..#
.....g.# .....##
.......# .......#
........ ##......#
........ .........
.......#...#...#...
........#.#...#.#...
§K......


You could see a phantom, a black bear, a kobold brigand, an orc, an adder
zombie, 2 kobolds and a hound skeleton.

Vanquished Creatures
  A kobold brigand (D:5)
  A scorpion (D:4)
  A hound (D:5)
  5 gnolls (D:4)
  6 adders
  An ufetubus (D:5)
  2 dart slugs
  3 orcs
  A bat (D:1)
  5 endoplasms
  4 giant cockroaches
  30 hobgoblins
  3 jackals (D:2)
  3 quokkas
  6 ball pythons
  3 frilled lizards
  34 goblins
  10 kobolds
  3 rats
122 creatures vanquished.

Vanquished Creatures (others)
  A howler monkey (D:5)
1 creature vanquished.

Grand Total: 123 creatures vanquished

Notes
Turn   | Place    | Note
-------+----------+-------------------------------------------
     0 | D:1      | lonewolfV2 the Demonspawn Fighter began the quest for the
                  | Orb.
     0 | D:1      | Reached XP level 1. HP: 18/18 MP: 1/1
   262 | D:1      | Gained mutation: You may rarely emit foul miasma when
                  | damaged in melee. [demonic ancestry]
   262 | D:1      | Reached XP level 2. HP: 22/24 MP: 2/2
   486 | D:1      | Reached skill level 3 in Shields
  1060 | D:2      | Reached XP level 3. HP: 29/29 MP: 3/3
  1120 | D:2      | Reached skill level 1 in Dodging
  1659 | D:2      | Found a faded altar of an unknown god.
  2076 | D:3      | Reached XP level 4. HP: 35/35 MP: 4/4
  2481 | D:4      | Found a snail-covered altar of Cheibriados.
  2497 | D:4      | Found Dopsalyl's Jewellery Shoppe.
  2722 | D:4      | Found Butuidoma's Book Shoppe.
  2729 | D:4      | Bought a book of Necromancy for 176 gold pieces
  2733 | D:4      | Learned a level 3 spell: Vampiric Draining
  3320 | D:4      | Reached XP level 5. HP: 40/42 MP: 5/5
  3522 | D:4      | Found Fipluziu's Magic Scroll Shop.
  3531 | D:4      | Bought a scroll of identify for 26 gold pieces
  3531 | D:4      | Bought a scroll of identify for 26 gold pieces
  3531 | D:4      | Bought a scroll of identify for 26 gold pieces
  3537 | D:4      | Found a basalt altar of Yredelemnul.
  3550 | D:4      | Became a worshipper of Yredelemnul the Dark
  3575 | D:4      | Found Reraqy's Book Shoppe.
  4029 | D:4      | Reached skill level 4 in Shields
  4085 | D:4      | Reached XP level 6. HP: 19/48 MP: 6/6
  4513 | D:5      | Entered Level 5 of the Dungeon
  4533 | D:5      | Identified the +1 ring mail "Foses" {rPois Str-2 Int+2
                  | Stlth+}
  4600 | D:5      | Learned a level 1 spell: Shock
  4645 | D:5      | HP: 1/48 [orc (2)]
  4645 | D:5      | Slain by a black bear

Illustrated notes

Levels and vault maps discovered:
D:1:      onia_arrival_mini_spirals, layout_loops_ring
D:2:      layout_loops_cross, shapermc_ecumenical_altar_notcrosses
D:3:      layout_loops_cross, kennysheep_generic_room_12
D:4:      minmay_goblin_kobold_castle, layout_loops_ring, cheibriados_altar_1,
          mainiacjoe_overflow_boulevard, serial_shops, nicolae_square_shop,
          shop, nicolae_shop_crystal, nicolae_diamond_shop
D:5:      cheibrodos_fzero, layout_cave_pods, lemuel_doored_altar

Skill      XL: |  1  2  3  4  5 |
---------------+----------------+-----
Axes           | 2 3 |  3.8
Shields        | 3 4 |  4.2
Dodging        | 1 |  1.6
Armour         | 3 |  3.9
Fighting       | |  3.9
Stealth        | |  0.1

Action                   |  1- 3 |  4- 6 || total
-------------------------+-------+-------++-------
Melee: War axe           |   119 |   189 ||   308
  Use: Scroll            |     2 |    10 ||    12
       Potion            |     2 |     3 ||     5
Armor: Scale mail        |    59 |    86 ||   145
       Ring mail         |       |    22 ||    22
Dodge: Dodged            |    38 |    78 ||   116
Block: Kite shield       |    67 |   267 ||   334
       Reflection        |     2 |    19 ||    21
